 Dungeon Crawl Stone Soup version 0.31-a0-640-g39d97e502b (webtiles) character file.

Game seed: 3942923664533174630

1659320 Midn8 the Slayer (level 27, 228/228 HPs)
             Began as a Djinni Necromancer on Aug 27, 2023.
             Was the Champion of Ashenzari.
             Escaped with the Orb
             ... and 3 runes!
             The game lasted 04:38:24 (72547 turns).

Midn8 the Slayer (Djinni Necromancer)              Turns: 72547, Time: 04:38:25

Health: 228/228    AC: 33    Str:  4    XL:     27
Gold:   2950       EV: 17    Int: 45    God:    Ashenzari [******] SH: 27 Dex: 13

rFire   + + .        m - +3 long sword "Servitude of Ashenzari" {elec, Will++ Str-5 Int+7, Dev, Self} (curse)
rCold   . . .        b - +3 tower shield "Ruined Stickiness" {Str+2, Elem, Bglg} (curse)
rNeg    . . .        F - +8 faerie dragon scales {Regen+ rCorr MP+3 Int+6, Fort, Dev} (curse)
rPois   ∞            Q - +2 hat of the Tethered Failure {rC+ Int+3 Dex-4, Bglg, Elem} (curse)
rElec   .            I - +2 cloak of Supernal Understanding {Alch, Comp} (curse)
rCorr   +            j - +2 pair of gloves "Behold Eternity" {Bglg, Self} (curse)
SInv    +            (boots unavailable)
Will    ++++.        B - amulet of the Tethered Stars {Regen+ Int+3, Dev, Comp} (curse)
Stlth   +            Y - ring "Doubts of Ashenzari" {AC+4, Dev, Elem} (curse)
HPRegen 2.18/turn    y - ring of the Esoteric Lethargy {Wiz, Fort, Cun} (curse)
MPRegen 0.00/turn

%: clarity, wizardry (x1)
@: flying, studying 3 skills
A: sickness immunity, fire resistance 2, cold vulnerability 1, float, innate
caster, HP casting, extra vitality 1, weak 1
0: Orb of Zot
}: 3/15 runes: barnacled, silver, gossamer
a: Renounce Religion, Shatter the Chains


You escaped.
You worshipped Ashenzari.
Ashenzari was exalted by your worship.
You visited 11 branches of the dungeon, and saw 51 of its levels.
You also visited: Trove and Ice Cave.

You collected 7509 gold pieces.
You spent 4559 gold pieces at shops.

Inventory:

Hand Weapons
 m - the cursed +3 long sword "Servitude of Ashenzari" (weapon) {elec, Will++ Str-5 Int+7, Dev, Self}
   (You found it on level 3 of the Dungeon)

   Str-5:     It affects your strength (-5).
   Int+7:     It affects your intelligence (+7).
   Will++:    It greatly increases your willpower.
   It has a curse which improves the following skills: Devices: Evocations and
   Shapeshifting.
   Introspection: Fighting and Spellcasting.
Missiles
 s - 18 javelins
 x - 9 throwing nets
 L - 5 curare-tipped darts
Armour
 b - the cursed +3 tower shield "Ruined Stickiness" (worn) {Str+2, Elem, Bglg}
   (You found it on level 2 of the Depths)

   Str+2:     It affects your strength (+2).
   It has a curse which improves the following skills: Elements: Fire Magic, Ice
   Magic, Air Magic and Earth Magic.
   Beguiling: Conjurations, Hexes and Translocations.
 j - the cursed +2 pair of gloves "Behold Eternity" (worn) {Bglg, Self}
   (You found it on level 10 of the Dungeon)

   It has a curse which improves the following skills: Beguiling: Conjurations,
   Hexes and Translocations.
   Introspection: Fighting and Spellcasting.
 F - the cursed +8 faerie dragon scales (worn) {Regen+ rCorr MP+3 Int+6, Fort, Dev}
   (You took it off the Enchantress on level 1 of the Depths)

   Int+6:     It affects your intelligence (+6).
   MP+3:      It affects your magic capacity (+3).
   Regen+:    It increases your rate of health regeneration.
   rCorr:     It protects you from acid and corrosion.
   It has a curse which improves the following skills: Fortitude: Armour and
   Shields.
   Devices:   Evocations and Shapeshifting.
 I - the cursed +2 cloak of Supernal Understanding (worn) {Alch, Comp}
   (You bought it in a shop on level 7 of the Dungeon)

   It has a curse which improves the following skills: Alchemy: Poison Magic and
   Transmutations.
   Companions: Summonings and Necromancy.
 Q - the cursed +2 hat of the Tethered Failure (worn) {rC+ Int+3 Dex-4, Bglg, Elem}
   (You found it on level 4 of the Lair of Beasts)

   Int+3:     It affects your intelligence (+3).
   Dex-4:     It affects your dexterity (-4).
   rC+:       It protects you from cold.
   It has a curse which improves the following skills: Beguiling: Conjurations,
   Hexes and Translocations.
   Elements:  Fire Magic, Ice Magic, Air Magic and Earth Magic.
Jewellery
 l - a +6 ring of strength
 y - the cursed ring of the Esoteric Lethargy (right hand) {Wiz, Fort, Cun}
   (You found it on level 6 of the Dungeon)

   [ring of wizardry]

   Wiz:       It improves your spell success rate.
   It has a curse which improves the following skills: Fortitude: Armour and
   Shields.
   Cunning:   Dodging and Stealth.
 B - the cursed amulet of the Tethered Stars (around neck) {Regen+ Int+3, Dev, Comp}
   (You found it on level 3 of the Crypt)

   [amulet of regeneration]

   Int+3:     It affects your intelligence (+3).
   Regen+:    It increases your rate of health regeneration.
   It has a curse which improves the following skills: Devices: Evocations and
   Shapeshifting.
   Companions: Summonings and Necromancy.
 C - an amulet of the acrobat
 W - a +6 ring of intelligence
 Y - the cursed ring "Doubts of Ashenzari" (left hand) {AC+4, Dev, Elem}
   (You found it on level 2 of the Shoals)

   [ring of protection]

   AC+4:      It affects your AC (+4).
   It has a curse which improves the following skills: Devices: Evocations and
   Shapeshifting.
   Elements:  Fire Magic, Ice Magic, Air Magic and Earth Magic.
 Z - a ring of protection from fire
Wands
 h - a wand of roots (34)
 q - a wand of paralysis (86)
 z - a wand of mindburst (48)
 D - a wand of digging (28)
 R - a wand of polymorph (28)
 X - a wand of acid (18)
Scrolls
 d - 13 scrolls of immolation
 i - 3 scrolls of silence
 p - 6 scrolls of enchant weapon
 u - 10 scrolls of blinking
 v - 6 scrolls of fear
 w - 9 scrolls of poison
 A - 5 scrolls of vulnerability
 E - 2 scrolls of revelation
 J - 16 scrolls of teleportation
 K - 2 scrolls of brand weapon
 N - 3 scrolls of fog
 U - a scroll of enchant armour
 V - a scroll of summoning
Potions
 a - 13 potions of ambrosia
 c - 21 potions of curing
 e - 6 potions of haste
 f - 7 potions of attraction
 g - 16 potions of might
 n - 10 potions of heal wounds
 o - 6 potions of brilliance
 r - 6 potions of enlightenment
 t - 8 potions of mutation
 H - 3 potions of resistance
 O - 4 potions of berserk rage
 P - 2 potions of cancellation
 S - 6 potions of invisibility
 T - 6 potions of lignification
Miscellaneous
 k - a box of beasts (inert)
 G - a condenser vane
 M - a phial of floods


   Skills:
 - Level 24.3(27) Fighting
 - Level 8.0 Staves
 + Level 18.1(21.4) Armour
 - Level 15.6(18.0) Dodging
 - Level 1.5(3.2) Stealth
 - Level 24.3(27) Shields
 - Level 21.8(25.0) Spellcasting
 - Level 21.8(26.1) Conjurations
 - Level 21.8(26.1) Hexes
 - Level 21.8(25.0) Summonings
 - Level 21.8(25.0) Necromancy
 - Level 21.8(26.1) Translocations
 - Level 21.8(23.9) Transmutations
 - Level 23.1(27) Fire Magic
 - Level 21.8(26.1) Ice Magic
 - Level 21.8(26.1) Air Magic
 - Level 21.8(26.1) Earth Magic
 - Level 21.8(23.9) Poison Magic
 - Level 14.3(20.0) Evocations


You knew the following spells:

 Your Spells              Type           Power      Damage    Failure   Level
a - Animate Dead          Necr           100%       N/A       0%          4
b - Iskenderun's Mystic   Conj/Tloc      100%       2d19      0%          4
c - Borgnjor's Vile Clut  Necr/Erth      68%        N/A       0%          5
d - Dazzling Flash        Conj/Hex       100%       N/A       0%          3
e - Plasma Beam           Fire/Air       69%        2x1d86    0%          6
f - Call Imp              Summ           100%       N/A       0%          2
g - Agony                 Necr           100%       N/A       0%          5
h - Summon Hydra          Summ           68%        N/A       0%          7
i - Necrotise             Necr           100%       1d9       0%          1
j - Kiss of Death         Conj/Necr      100%       2d13      0%          1
k - Searing Ray           Conj           100%       2d8       0%          2
r - Starburst             Conj/Fire      69%        6d18      0%          6
s - Shatter               Erth           69%        3d51*     1%          9
t - Spellforged Servitor  Conj/Summ      68%        N/A       0%          7
v - Vampiric Draining     Necr           100%       2d13      0%          3
y - Monstrous Menagerie   Summ           68%        N/A       0%          7
D - Death's Door          Necr           68%        N/A       1%          9
Your spell library was empty.

Dungeon Overview and Level Annotations

Branches:
Dungeon (15/15)            Temple (1/1) D:4            Lair (5/5) D:11
 Shoals (4/4) Lair:3       Spider (4/4) Lair:3        Slime (0/5) Lair:5
    Orc (2/2) D:10            Elf (3/3) Orc:2        Vaults (5/5) D:13
  Crypt (3/3) Vaults:3       Tomb (0/3) Crypt:3      Depths (4/4) D:15
    Zot (5/5) Depths:4      IceCv (visited)

Altars:
Ashenzari
Cheibriados
Dithmenos
Elyvilon
Fedhas
Gozag
Hepliaklqana
Makhleb
Nemelex Xobeh
Okawaru
Qazlal
Ru
Trog
Uskayaw
Wu Jian
Xom
Yredelemnul
Zin
The Shining One
Jiyva
Lugonu

Shops:
D:3 !   D:7 [[:   D:9 (   D:13 ?   D:15 [   Orc:2 ?([[   Elf:1 :   Elf:2 :==[
Shoals:1 (   Vaults:3 (   Vaults:5 *

Portals:
Hell: Depths:1 Depths:2 Depths:3 Depths:4
Abyss: Lair:5 Depths:1 Depths:3
Pandemonium: Depths:2 Depths:4
Ziggurat: Depths:3

Annotations:
D:1 2 runed translucent doors
D:7 3 runed translucent doors, thirtiethelement's ghost, novice DsFi
D:9 3 runed translucent doors, justen's ghost, novice DsSh
D:11 2 transporters, Aneyh's ghost, journeyman TeMo
Lair:2 exclusion: oklob plant
Lair:4 exclusion: 2 centaurs
Shoals:2 exclusions: catoblepas, death yak, sensed monster (detected) and 1 more exclusion, Polyphemus
Shoals:3 1 runed translucent door, Mungiw's ghost, adept MiBe
Elf:1 2 transporters, dxb338's ghost, journeyman FeSh
Elf:2 3 runed translucent doors
Depths:1 2 transporters, lmSkywalker's ghost, adept DrSh
Depths:3 exclusion: orange crystal statue
Depths:4 6 runed translucent doors, 1 exclusion
Zot:5 36 runed doors


Innate Abilities, Weirdness & Mutations

You are immune to sickness and miasma.
You are immune to poison.
Your flesh is very heat resistant. (rF++)
You are vulnerable to cold. (rC-)
You float through the air rather than walking.
You learn spells naturally, not from books.
Your magical power is your life essence.
You have superior vitality. (+4 MHP)
You are weak. (Str -2)


Message History

Ka-crash!
Unknown command.
HP restored.
You sense a monster nearby.
Casting: Shatter (mildly dangerous; 1% risk of failure)
Confirm with . or Enter, or press ? or * to list all spells.
The dungeon rumbles!
Ka-crash!
You hear a shout! x6; You hear an angry hiss. x2
You hear a shout! x2
Unknown command.
You hear a shout!
The gnoll shouts! x3
The gnoll shouts!
A golden eye comes into view.
The golden eye turns its gaze towards you.
A golden eye comes into view.
The golden eye blinks at you. You resist with almost no effort.
Casting: Shatter (mildly dangerous; 1% risk of failure)
Confirm with . or Enter, or press ? or * to list all spells.
The dungeon rumbles!
You kill the golden eye! x3
Ka-crash!
Unknown command.
A golden eye comes into view.
The golden eye turns its gaze towards you.
The golden eye blinks at you. You resist with almost no effort.
The golden eye blinks at you. You resist with almost no effort.
The golden eye blinks at you. You resist with almost no effort.
Casting: Shatter (mildly dangerous; 1% risk of failure)
Confirm with . or Enter, or press ? or * to list all spells.
The dungeon rumbles!
You kill the golden eye!
Ka-crash!
Unknown command.
There is a staircase leading out of the dungeon here.
You can't go down here!
You have escaped!

####........#
#########.########
#........#
#..#..#.##...#....
#........#
##..##.##..#......
#.########
#..##.#.....#....#
#.#
###...###..#......
#.#
###.#...#........
#.#
##.######.#......#
#.#
#.#...#.##..[.....
#.#
#@###..##..#......
#.#
##..###.#.#.......
#.#
##.#.###..#.#.#..#
#.#
#.##...#....#...#.
#.#
#..####..#...#.##.
#.#
###..#..#.#.....#.
#.#
#..##..##..#...#..
#.#
#.#..#...##......#
#.#
##################


There were no monsters in sight!

Vanquished Creatures
  Khufu (Crypt:3)
  A dread lich (Zot:5)
  2 ancient liches (Zot:5)
  3 orbs of fire (Zot:5)
  Sojobo (Depths:3)
  14 Killer Klowns
  Margery (Vaults:4)
  3 curse toes
  Jory (Vaults:3)
  Norris (Vaults:1)
  the Enchantress (Depths:1)
  2 golden dragons
  2 electric golems
  A pandemonium lord (D:11)
  2 doom hounds (Depths:2)
  A Tzitzimitl (Depths:3)
  Zenata (Vaults:1)
  2 liches
  2 deep elf blademasters (Elf:3)
  26 tentacled monstrosities
  Grunn (Depths:2)
  8 titans (Vaults:5)
  2 Hell Sentinels
  26 Orb Guardians
  13 quicksilver dragons
  A walking divine tome (Depths:4)
  2 deep elf master archers (Elf:3)
  5 sphinxes
  2 ancient champions
  An Executioner (D:4)
  4 death cobs
  A kraken (Shoals:4)
  6 tengu reavers
  9 shadow dragons
  Donald (Spider:4)
  5 draconian monks
  9 storm dragons
  4 fire giants
  A daeva (Shoals:4)
  Ilsuiw (Shoals:3)
  3 revenants
  6 frost giants
  5 draconian shifters
  2 deep elf sorcerers
  4 draconian knights
  A curse skull (Crypt:1)
  9 vault wardens
  4 emperor scorpions
  9 ghost moths
  3 deep elf elementalists (Elf:3)
  An iron dragon (Vaults:5)
  A ghoul (Crypt:3)
  2 draconian scorchers
  An angel (Depths:3)
  3 draconian stormcallers
  A juggernaut zombie (Crypt:3)
  11 ironbound preservers
  5 draconian annihilators
  A caustic shrike skeleton (Crypt:2)
  3 broodmothers
  2 orc warlords
  10 vampire knights
  3 war gargoyles
  3 spriggan defenders
  17 stone giants
  8 very ugly things
  9 deep elf demonologists
  3 formless jellyfish
  5 ironbound thunderhulks
  14 black draconians
  5 deep elf annihilators (Elf:3)
  13 green draconians
  8 spark wasps
  28 purple draconians
  Azrael (Orc:2)
  A lorocyproca (Zot:3)
  7 white draconians
  10 dire elephants
  2 bunyips (shapeshifter)
  13 red draconians
  Snorg (Orc:2)
  11 yellow draconians
  A blizzard demon (D:4)
  10 merfolk impalers (Shoals:4)
  14 ettins
  6 entropy weavers
  5 fire dragons
  A mummy priest (Crypt:3)
  2 great orbs of eyes
  11 yaktaur captains
  9 deep elf death magi
  13 jiangshi
  2 merfolk javelineers (Shoals:4)
  7 ice dragons
  2 deep elf high priests (Vaults:5)
  25 vault guards
  2 quicksilver dragon skeletons (Crypt:2)
  4 rakshasas
  A great orb of eyes (shapeshifter) (Depths:2)
  4 hydras
  An ogre mage (Vaults:5)
  Erolcha (Orc:1)
  9 centaur warriors
  A radroach (Spider:4)
  2 peacekeepers
  7 spriggan air magi
  14 ironbound frosthearts
  3 merfolk avatars
  A spriggan skeleton (Crypt:2)
  3 merfolk aquamancers (Shoals:4)
  3 death knights
  3 fenstrider witch skeletons
  5 dancing weapons
  6 two-headed ogres
  13 boulder beetles
  5 deep troll earth magi
  Urug (D:12)
  4 deep troll shamans
  7 tengu warriors
  6 demonic crawlers
  A death scarab (Spider:4)
  3 hell hogs (Depths:3)
  6 hell knights
  A thrashing horror (Lair:5)
  5 spriggan berserkers
  A holy swine (Shoals:4)
  4 orc high priests (Orc:2)
  4 deep elf knights
  6 skysharks
  Sonja (Lair:2)
  2 titan skeletons (Crypt:2)
  A soul eater (Depths:2)
  Amaemon (Lair:2)
  28 skeletal warriors
  2 cherubim (Shoals:4)
  A sun moth (Spider:2)
  A pharaoh ant (Spider:1)
  A sixfirhy (D:11)
  4 shadow demons
  2 shadow wraiths
  2 iron trolls (Depths:1)
  2 glowing orange brains
  A sea snake (Shoals:4)
  30 deep trolls
  7 flayed ghosts
  3 large abominations
  An anaconda zombie (Crypt:1)
  A sea snake (shapeshifter) (Vaults:1)
  2 deep elf archers (Elf:1)
  9 orb spiders
  2 phantasmal warriors (Crypt:1)
  A steelbarb worm (shapeshifter) (Vaults:1)
  15 lindwurms
  A tengu zombie (Vaults:2)
  A harpy (shapeshifter) (D:14)
  6 wizards
  8 orc knights
  2 orange crystal statues (IceCv)
  4 steelbarb worms
  14 harpies
  9 necromancers
  21 deep elf pyromancers
  A golden dragon skeleton (Depths:1)
  18 ironbound convokers
  A frost giant zombie (Depths:1)
  A sphinx simulacrum (Vaults:2)
  12 deep elf zephyrmancers
  A shadow dragon skeleton (Crypt:2)
  3 cyclopes
  10 manticores
  2 orc sorcerers
  A faun (Shoals:1)
  3 anaconda skeletons
  A faun (shapeshifter) (Vaults:1)
  16 ugly things
  21 wolf spiders
  5 elephants (Lair:4)
  25 moths of wrath
  An alligator skeleton (Crypt:1)
  2 toenail golems
  2 centaur zombies (Crypt:1)
  An elephant (shapeshifter) (Vaults:5)
  2 moths of wrath (shapeshifter)
  4 merfolk sirens
  A human skeleton (Crypt:2)
  5 black mambas
  36 slime creatures
  2 rust devils
  6 torpor snails
  A guardian serpent (shapeshifter) (Vaults:5)
  An eleionoma skeleton (Crypt:2)
  5 smoke demons
  A water nymph (Shoals:4)
  5 orange demons
  16 vault sentinels
  An orc skeleton (Crypt:1)
  2 gargoyles
  7 cane toads
  An alligator snapping turtle skeleton (Crypt:2)
  6 komodo dragons
  A spriggan zombie (Depths:1)
  3 efreet
  6 rime drakes
  A centaur skeleton (Crypt:2)
  8 freezing wraiths
  3 kobold demonologists
  A tormentor (Zot:3)
  14 yaktaurs
  A red draconian skeleton (Crypt:1)
  2 yaktaur skeletons (Vaults:2)
  2 golden dragon simulacra (IceCv)
  2 anaconda simulacra (IceCv)
  3 tengu conjurers
  A queen bee (D:10)
  2 ice devils
  3 polar bears
  13 merfolk
  3 wind drakes
  5 trolls
  9 meliai
  2 alligator simulacra (IceCv)
  21 tarantellas
  8 hornets
  12 blink frogs (Lair:5)
  8 dream sheep
  3 raiju (Lair:5)
  A snapping turtle (shapeshifter) (Elf:2)
  5 snapping turtles
  22 flying skulls
  13 jumping spiders
  An ice dragon skeleton (Crypt:2)
  4 vampires
  A fire dragon skeleton (Crypt:2)
  8 spriggans
  5 shadows
  14 culicivoras
  5 wraiths
  2 dire elephant simulacra (IceCv)
  5 water elementals
  47 yaks
  4 wyverns
  2 fire elementals (Orc:2)
  3 hogs (D:12)
  A human (shapeshifter) (D:15)
  A golden eye (shapeshifter) (Vaults:5)
  A yak (shapeshifter) (Vaults:5)
  3 neqoxecs
  4 basilisks
  4 golden eyes (D:1)
  A steam dragon (D:9)
  11 vampire mosquitoes
  2 chaos spawn
  A deep troll zombie (Crypt:1)
  2 harpy simulacra (IceCv)
  44 redbacks
  3 wargs
  5 acid dragons
  4 hell hounds (Orc:2)
  3 floating eyes
  A hydra simulacrum (IceCv)
  14 water moccasins
  A naga skeleton (Crypt:2)
  23 orc warriors
  An ice beast (D:4)
  4 black bears
  A black mamba simulacrum (Crypt:1)
  A tengu (shapeshifter) (Vaults:5)
  5 ettin simulacra
  7 ogres
  17 wolves
  A hog zombie (D:12)
  10 centaurs
  A phantom (D:5)
  An earth elemental (Elf:2)
  A wyvern zombie (Crypt:1)
  8 kobold brigands
  A gnoll sergeant (D:5)
  2 necrophages (Crypt:3)
  7 bullfrogs
  A scorpion (D:5)
  5 wights (D:8)
  A troll zombie (Crypt:2)
  25 killer bees
  4 lindwurm simulacra (IceCv)
  3 howler monkeys
  10 electric eels
  6 small abominations
  3 hounds
  3 jellies
  37 orc priests
  A gnoll bouda (D:9)
  2 iguanas
  2 sleepcaps (D:7)
  33 orc wizards
  Ijyb (D:4)
  Terence (D:3)
  5 gnolls (D:5)
  7 adders
  A steam dragon skeleton (Crypt:1)
  2 white imps (D:6)
  5 dart slugs
  67 orcs
  7 bats
  3 endoplasms (D:2)
  2 giant cockroaches
  9 hobgoblins
  3 jackals (D:2)
  26 kobolds
  A quokka (D:4)
  9 ball pythons
  6 frilled lizards
  10 goblins
  A hobgoblin skeleton (Crypt:2)
  2 rats (D:3)
1859 creatures vanquished.

Vanquished Creatures (collateral kills)
  A dread lich (Vaults:5)
  A golden dragon (Zot:5)
  A profane servitor (Crypt:3)
  3 bone dragons
  A Tzitzimitl (Depths:3)
  A tentacled monstrosity (Vaults:5)
  A titan (Vaults:5)
  A quicksilver dragon (Vaults:5)
  Kirke (D:12)
  6 storm dragons
  2 tengu reavers
  2 revenants
  2 fire giants (Depths:2)
  3 frost giants (Depths:3)
  3 emperor scorpions (Spider:4)
  A balrug (Depths:1)
  3 ghouls (Crypt:2)
  A stone giant (Depths:3)
  An ironbound preserver (Vaults:1)
  A juggernaut skeleton (Crypt:1)
  3 very ugly things
  5 vampire knights
  2 green draconians (Depths:4)
  2 white draconians
  A purple draconian (Depths:4)
  2 red draconians
  2 spark wasps
  An ettin (Vaults:5)
  A crystal guardian (Vaults:4)
  4 jiangshi
  5 fire dragons
  A mummy priest (Crypt:3)
  4 merfolk impalers
  4 merfolk javelineers
  Josephine (Shoals:1)
  2 yaktaur captains (Vaults:5)
  3 deep elf high priests
  3 vault guards (Vaults:5)
  A hydra (Lair:3)
  A spriggan skeleton (Crypt:2)
  3 centaur warriors
  An ironbound frostheart (Vaults:5)
  An ice dragon (Depths:3)
  2 fenstrider witch skeletons
  An ogre mage (Vaults:5)
  19 dancing weapons
  A boulder beetle (D:11)
  A bennu skeleton (Crypt:2)
  2 tengu warriors
  4 death knights
  A demonic crawler (Spider:4)
  2 merfolk aquamancers (Shoals:4)
  A deep troll earth mage (Depths:1)
  2 deep elf knights (Elf:1)
  2 thrashing horrors (Lair:5)
  2 spriggan berserkers (Depths:3)
  A spriggan (Depths:3)
  4 hell knights
  2 soul eaters (Crypt:1)
  4 skysharks
  16 skeletal warriors
  3 shadow wraiths
  A storm dragon skeleton (Crypt:2)
  A pharaoh ant (Spider:4)
  7 sea snakes
  A cherub (Shoals:4)
  3 flayed ghosts (Crypt:2)
  4 deep trolls
  A quicksilver dragon simulacrum (Crypt:3)
  3 bog bodies (Crypt:2)
  6 phantasmal warriors
  A wizard (Vaults:1)
  An anaconda skeleton (Crypt:2)
  15 harpies
  5 deep elf archers
  2 ironbound convokers
  A bunyip skeleton (Crypt:2)
  A lindwurm (Vaults:1)
  A steelbarb worm (Spider:1)
  3 necromancers
  4 deep elf zephyrmancers
  5 deep elf pyromancers
  A mana viper (shapeshifter) (Vaults:5)
  4 ugly things
  6 manticores
  4 wolf spiders
  3 fauns
  2 cyclopes (Shoals:1)
  2 large abominations
  A rust devil (Depths:2)
  2 vault sentinels (Vaults:5)
  4 merfolk sirens
  4 smoke demons
  3 black mambas
  A water nymph (Shoals:4)
  An elephant slug zombie (Crypt:2)
  A cane toad (Lair:2)
  2 centaur skeletons (Crypt:2)
  2 naga skeletons (Crypt:2)
  An orange demon (Lair:2)
  A dire elephant skeleton (Crypt:2)
  A komodo dragon (Lair:5)
  An alligator snapping turtle skeleton (Crypt:2)
  An ice devil (Depths:2)
  2 freezing wraiths
  A bunyip simulacrum (Crypt:3)
  7 guardian mummies (Crypt:3)
  2 red devils
  A tengu conjurer (Depths:1)
  2 wind drakes
  12 merfolk
  A polar bear (Lair:5)
  3 hornets
  4 tarantellas
  A hydra skeleton (Crypt:2)
  4 blink frogs (Lair:5)
  A hellwing (Depths:2)
  A moth of wrath zombie (Crypt:2)
  5 dream sheep (Shoals:1)
  A spriggan zombie (Depths:1)
  3 snapping turtles
  A guardian serpent skeleton (Crypt:1)
  5 air elementals
  44 flying skulls
  A jumping spider (Spider:4)
  A wyvern (Lair:5)
  16 yaks
  A ynoxinul (Lair:5)
  10 wraiths
  A water elemental (Elf:2)
  3 culicivoras
  2 fire elementals
  2 chaos spawn (Lair:5)
  19 redbacks
  2 water moccasins
  A faun skeleton (Crypt:1)
  2 orc warriors
  An ettin simulacrum (Crypt:1)
  4 wolves
  2 centaurs (D:14)
  6 small abominations
  3 necrophages
  2 killer bees (D:9)
  A queen bee zombie (Crypt:1)
  An electric eel (D:10)
  A howler monkey (D:9)
  A black bear zombie (Crypt:1)
  3 jellies (Lair:5)
  An orc priest (D:10)
  An orc wizard (D:9)
  10 orcs
  An endoplasm zombie (Crypt:1)
  A frilled lizard skeleton (Crypt:2)
  A giant cockroach zombie (Crypt:1)
  A rat skeleton (Crypt:2)
476 creatures vanquished.

Vanquished Creatures (others)
  2 ugly thing zombies
  A necromancer (Depths:3)
  A human zombie (D:12)
  A golden eye (shapeshifter) (Elf:1)
  4 blink frog zombies (Lair:5)
  2 hog zombies (D:12)
  A rime drake zombie (Lair:5)
  A water moccasin zombie (Lair:5)
  A raiju zombie (Lair:5)
  A spriggan zombie (Lair:5)
  25 yak zombies
  3 wolf zombies (Lair:5)
  A centaur zombie (D:12)
  A killer bee zombie (D:9)
  A quokka (D:4)
  6 kobold zombies
  7 orc zombies
  4 tentacles (Shoals:4)
63 creatures vanquished.

Grand Total: 2398 creatures vanquished

Notes
Turn   | Place    | Note
-------+----------+-------------------------------------------
     0 | D:1      | Midn8 the Djinni Necromancer began the quest for the Orb.
     0 | D:1      | Midn8 set off with the following spells memorised:
                  | Necrotise, Vampiric Draining, Animate Dead, Agony.
     0 | D:1      | Reached XP level 1. HP: 15/15 MP: 0/0
   118 | D:1      | Found a large runed translucent door.
   118 | D:1      | Found a large runed translucent door.
   118 | D:1      | Noticed a troll
   264 | D:1      | Reached XP level 2. HP: 20/21 MP: 0/0
   704 | D:1      | Reached XP level 3. HP: 20/25 MP: 0/0
   704 | D:1      | Learned a level 1 spell: Kiss of Death
  1610 | D:2      | Reached XP level 4. HP: 24/31 MP: 0/0
  1908 | D:2      | You are sucked into a shaft and drop 1 floor!
  2071 | D:3      | Noticed Terence
  2072 | D:3      | Identified the +3 long sword "Hellblazer" {elec, Will++
                  | Str-5 Int+7}
  2077 | D:3      | Killed Terence
  2116 | D:3      | Reached XP level 5. HP: 33/35 MP: 0/0
  2116 | D:3      | Learned a level 2 spell: Searing Ray
  2326 | D:3      | Found Pad Roli's Distillery.
  2334 | D:3      | Bought a potion of heal wounds for 70 gold pieces
  2334 | D:3      | Bought a potion of curing for 42 gold pieces
  2334 | D:3      | Bought a potion of brilliance for 56 gold pieces
  2796 | D:3      | Found a bloodstained altar of Trog.
  2927 | D:4      | Reached skill level 5 in Spellcasting
  2927 | D:4      | Reached skill level 5 in Conjurations
  2927 | D:4      | Reached skill level 5 in Hexes
  2927 | D:4      | Reached skill level 5 in Summonings
  2927 | D:4      | Reached skill level 5 in Necromancy
  2927 | D:4      | Reached skill level 5 in Translocations
  2927 | D:4      | Reached skill level 5 in Transmutations
  2927 | D:4      | Reached skill level 5 in Fire Magic
  2927 | D:4      | Reached skill level 5 in Ice Magic
  2927 | D:4      | Reached skill level 5 in Air Magic
  2927 | D:4      | Reached skill level 5 in Earth Magic
  2927 | D:4      | Reached skill level 5 in Poison Magic
  2950 | D:4      | Reached skill level 1 in Fighting
  3071 | D:4      | Noticed Ijyb
  3074 | D:4      | Killed Ijyb
  3075 | D:4      | Reached XP level 6. HP: 41/43 MP: 0/0
  3143 | D:4      | Found a shadowy altar of Dithmenos.
  3152 | D:4      | Noticed an ogre
  3172 | D:4      | Killed an ogre
  3391 | D:4      | Found a staircase to the Ecumenical Temple.
  3400 | Temple   | Found a transporter.
  3400 | Temple   | Found a transporter.
  3400 | Temple   | Found a transporter.
  3400 | Temple   | Found a transporter.
  3400 | Temple   | Entered the Ecumenical Temple
  3423 | Temple   | Became a worshipper of Ru the Awakened
  3800 | D:5      | Entered Level 5 of the Dungeon
  3929 | D:5      | Reached XP level 7. HP: 51/53 MP: 0/0
  3929 | D:5      | Learned a level 2 spell: Call Imp
  3948 | D:5      | Identified the +4 whip of Salt {spect, rC+}
  3972 | D:5      | Reached skill level 5 in Fighting
  4661 | D:5      | Reached XP level 8. HP: 52/62 MP: 0/0
  4860 | D:5      | Identified the +1 sling "Abike" {freeze, Will++}
  5260 | Temple   | Fell from the grace of Ru
  5260 | Temple   | Became a worshipper of Ashenzari the Shackled
  5913 | D:7      | Reached XP level 9. HP: 35/68 MP: 0/0
  5913 | D:7      | Learned a level 3 spell: Dazzling Flash
  6096 | D:7      | Found Pugaanoc's Armour Emporium.
  6223 | D:7      | Found a runed translucent gate.
  6224 | D:7      | Found a runed translucent gate.
  6225 | D:7      | Found a runed translucent gate.
  6225 | D:7      | Identified the +0 chain mail of the Moneychanger {Will++
                  | Dex-3}
  6225 | D:7      | Noticed thirtiethelement's ghost (novice DsFi)
  6238 | D:7      | Bought a +1 helmet for 161 gold pieces
  6309 | D:7      | Found Syapton's Antique Armour Shop.
  6623 | D:7      | Found Ymusyzy's Tremendous Tomes.
  6978 | D:8      | Reached * piety under Ashenzari
  7355 | D:8      | Reached XP level 10. HP: 65/78 MP: 0/0
  7451 | D:8      | Found a blossoming altar of Fedhas.
  7451 | D:8      | Found a sparkling altar of Nemelex Xobeh.
  7458 | D:8      | Found a faded altar of an unknown god.
  7464 | D:8      | Found a burning altar of Makhleb.
  7466 | D:8      | Found an opulent altar of Gozag.
  7498 | D:8      | Found a stormy altar of Qazlal.
  7523 | D:8      | Reached ** piety under Ashenzari
  7721 | D:9      | Found a runed translucent gate.
  7721 | D:9      | Found a runed translucent gate.
  7722 | D:9      | Found a runed translucent gate.
  7723 | D:9      | Noticed a centaur warrior
  7723 | D:9      | Noticed a red ugly thing
  7723 | D:9      | Noticed justen's ghost (novice DsSh)
  7725 | D:9      | Noticed a freezing wraith
  7791 | D:9      | Reached skill level 10 in Fighting
  7939 | D:9      | Found Samnaw's Antique Weapon Boutique.
  8160 | D:7      | Bought a creamy pearl robe for 125 gold pieces
  8160 | D:7      | Identified the +0 robe of Doxkun {rPois Will+} (You bought
                  | it in a shop on level 7 of the Dungeon)
  8406 | D:9      | Noticed a brown ugly thing
  8421 | D:9      | Killed a brown ugly thing
  8579 | D:9      | Noticed a red ugly thing
  8594 | D:9      | Noticed a two-headed ogre
  8667 | D:9      | Killed a red ugly thing
  9038 | D:9      | Killed a two-headed ogre
  9039 | D:9      | Reached XP level 11. HP: 73/87 MP: 0/0
  9039 | D:9      | Learned a level 4 spell: Iskenderun's Mystic Blast
  9266 | D:10     | Entered Level 10 of the Dungeon
  9527 | D:10     | Upgraded the game from 0.31-a0-636-ge1c0e020e0 to
                  | 0.31-a0-640-g39d97e502b
  9768 | D:10     | HP: 1/89 [gargoyle/stone arrow (19)]
 10908 | D:10     | Found a staircase to the Orcish Mines.
 10945 | D:10     | Reached skill level 5 in Dodging
 11505 | D:7      | Bought a runed cloak for 165 gold pieces
 11578 | D:11     | Noticed a manticore
 11686 | D:11     | Reached *** piety under Ashenzari
 11732 | D:11     | Reached XP level 12. HP: 88/101 MP: 0/0
 11830 | D:11     | Noticed a boulder beetle
 11839 | D:11     | Killed a boulder beetle
 11949 | D:11     | Found a transporter.
 11953 | D:11     | Noticed Aneyh's ghost (journeyman TeMo)
 11971 | D:11     | Noticed a two-headed ogre
 11978 | D:11     | Killed a two-headed ogre
 12113 | D:11     | Found a transporter.
 12369 | D:11     | Found a staircase to the Lair.
 12680 | Lair:1   | Entered Level 1 of the Lair of Beasts
 12850 | Lair:1   | Identified the +1 ring mail of Liberty {Int+2 Dex+3}
 12882 | Lair:1   | Reached skill level 5 in Evocations
 12967 | Lair:1   | Reached skill level 1 in Armour
 13243 | Lair:1   | Identified the +6 lajatang of Sirifyn {speed, rElec}
 13328 | Lair:1   | Noticed a four-headed hydra
 13336 | Lair:1   | Killed a four-headed hydra
 13727 | Lair:2   | Noticed Amaemon
 13736 | Lair:2   | Paralysed by Amaemon for 3 turns
 13745 | Lair:2   | Killed Amaemon
 13746 | Lair:2   | Reached XP level 13. HP: 102/109 MP: 0/0
 13746 | Lair:2   | Learned a level 5 spell: Borgnjor's Vile Clutch
 13782 | Lair:2   | Reached **** piety under Ashenzari
 13852 | Lair:2   | Noticed Sonja
 13863 | Lair:2   | Killed Sonja
 13864 | Lair:2   | Reached skill level 15 in Fighting
 14579 | Lair:3   | Reached ***** piety under Ashenzari
 14760 | Lair:3   | Reached skill level 5 in Armour
 14845 | Lair:3   | Found a staircase to the Shoals.
 14963 | Lair:3   | Found a hole to the Spider Nest.
 14982 | Lair:3   | Noticed a five-headed hydra
 14990 | Lair:3   | Killed a five-headed hydra
 16479 | Lair:4   | Found an iron altar of Okawaru.
 16580 | Lair:4   | Identified the +2 hat "Tumob" {rC+ Int+3 Dex-4}
 16978 | Lair:5   | Entered Level 5 of the Lair of Beasts
 17061 | Lair:5   | Noticed a four-headed hydra
 17082 | Lair:5   | Killed a four-headed hydra
 17145 | Lair:5   | Noticed a four-headed hydra
 17154 | Lair:5   | Reached XP level 14. HP: 95/121 MP: 0/0
 17159 | Lair:5   | Reached skill level 10 in Dodging
 17348 | Lair:5   | Reached skill level 1 in Staves
 17477 | Lair:5   | Found a staircase to the Slime Pits.
 17477 | Lair:5   | Found a viscous altar of Jiyva.
 17601 | Lair:5   | Reached skill level 5 in Staves
 18593 | Lair:5   | Found a corrupted altar of Lugonu.
 18593 | Lair:5   | Found a one-way gate to the infinite horrors of the Abyss.
 18595 | Lair:5   | Identified the +0 sling "Glorpo" {speed, rC+ Will+ rCorr
                  | Str+2}
 19260 | D:12     | Reached skill level 10 in Spellcasting
 19260 | D:12     | Reached skill level 10 in Conjurations
 19260 | D:12     | Reached skill level 10 in Hexes
 19260 | D:12     | Reached skill level 10 in Summonings
 19260 | D:12     | Reached skill level 10 in Necromancy
 19260 | D:12     | Reached skill level 10 in Translocations
 19260 | D:12     | Reached skill level 10 in Transmutations
 19260 | D:12     | Reached skill level 10 in Fire Magic
 19260 | D:12     | Reached skill level 10 in Ice Magic
 19260 | D:12     | Reached skill level 10 in Air Magic
 19260 | D:12     | Reached skill level 10 in Earth Magic
 19260 | D:12     | Reached skill level 10 in Poison Magic
 19395 | D:12     | Reached XP level 15. HP: 90/130 MP: 0/0
 19395 | D:12     | Learned a level 6 spell: Starburst
 19631 | D:12     | Noticed Kirke
 19645 | D:12     | Killed Kirke
 19708 | D:12     | Noticed Urug
 19716 | D:12     | Killed Urug
 20022 | D:12     | Your ally Kirke died
 20233 | D:12     | Found a portal to a secret trove of treasure.
 20431 | D:12     | Identified the +1 arbalest of a bazaar {flame, rF+ rC+}
 20533 | D:13     | Found Xiobepen's Magic Scroll Emporium.
 22199 | D:13     | Found a gate to the Vaults.
 22390 | Orc:1    | Entered Level 1 of the Orcish Mines
 22574 | Orc:2    | Entered Level 2 of the Orcish Mines
 23774 | Orc:2    | Found a staircase to the Elven Halls.
 23930 | Orc:2    | Noticed Azrael
 23941 | Orc:2    | Killed Azrael
 24122 | Orc:2    | Noticed Snorg
 24128 | Orc:2    | Killed Snorg
 24248 | Orc:2    | Found Suaplore's Antique Weapon Boutique.
 24248 | Orc:2    | Found Gofoepp's Magic Scroll Boutique.
 24249 | Orc:2    | Found Xoriekus's Antique Armour Shop.
 24253 | Orc:2    | Found Usaul's Antique Armour Shop.
 24259 | Orc:2    | Bought a scroll of teleportation for 51 gold pieces
 24259 | Orc:2    | Bought a scroll of blinking for 127 gold pieces
 24259 | Orc:2    | Bought a scroll of enchant armour for 127 gold pieces
 24260 | Orc:2    | Bought a translucent helmet for 275 gold pieces
 24260 | Orc:2    | Identified the +0 helmet of Existentialism {rCorr} (You
                  | bought it in a shop on level 2 of the Orcish Mines)
 24415 | Orc:2    | Reached XP level 16. HP: 123/140 MP: 0/0
 25213 | Orc:1    | Noticed Erolcha
 25218 | Orc:1    | Killed Erolcha
 25591 | Shoals:1 | Entered Level 1 of the Shoals
 25697 | Shoals:1 | Reached XP level 17. HP: 148/148 MP: 0/0
 25697 | Shoals:1 | Learned a level 7 spell: Summon Hydra
 25698 | Shoals:1 | Reached XP level 18. HP: 155/155 MP: 0/0
 26204 | Shoals:1 | Noticed Josephine
 26208 | Shoals:1 | Killed Josephine
 27036 | Shoals:1 | Found Noam's Weapon Emporium.
 27432 | Shoals:2 | Noticed Polyphemus
 28695 | Shoals:3 | Found a runed translucent door.
 28695 | Shoals:3 | Found a shimmering altar of Xom.
 28695 | Shoals:3 | Noticed Mungiw's ghost (adept MiBe)
 28887 | Shoals:3 | Noticed Ilsuiw
 28916 | Shoals:3 | Killed Ilsuiw
 30114 | Shoals:4 | Entered Level 4 of the Shoals
 30209 | Shoals:4 | Reached XP level 19. HP: 98/160 MP: 0/0
 30209 | Shoals:4 | Learned a level 6 spell: Plasma Beam
 31369 | Shoals:4 | Found a glowing golden altar of the Shining One.
 31785 | Shoals:4 | Found a glowing silver altar of Zin.
 32088 | Shoals:4 | Found a white marble altar of Elyvilon.
 32229 | Shoals:4 | Identified Nicweuss's Volume of Destruction
 32236 | Shoals:4 | Got a barnacled rune of Zot
 32421 | Spider:1 | Entered Level 1 of the Spider Nest
 34193 | Spider:2 | Reached skill level 15 in Spellcasting
 34193 | Spider:2 | Reached skill level 15 in Conjurations
 34193 | Spider:2 | Reached skill level 15 in Hexes
 34193 | Spider:2 | Reached skill level 15 in Summonings
 34193 | Spider:2 | Reached skill level 15 in Necromancy
 34193 | Spider:2 | Reached skill level 15 in Translocations
 34193 | Spider:2 | Reached skill level 15 in Transmutations
 34193 | Spider:2 | Reached skill level 15 in Fire Magic
 34193 | Spider:2 | Reached skill level 15 in Ice Magic
 34193 | Spider:2 | Reached skill level 15 in Air Magic
 34193 | Spider:2 | Reached skill level 15 in Earth Magic
 34193 | Spider:2 | Reached skill level 15 in Poison Magic
 35765 | Spider:2 | Reached XP level 20. HP: 86/170 MP: 0/0
 36678 | Spider:4 | Entered Level 4 of the Spider Nest
 36678 | Spider:4 | Noticed Donald
 36681 | Spider:4 | Killed Donald
 37051 | Spider:4 | Reached skill level 1 in Shields
 37849 | Spider:4 | Reached skill level 5 in Shields
 39331 | Spider:4 | Got a gossamer rune of Zot
 39909 | D:13     | Bought a scroll of blinking for 97 gold pieces
 39909 | D:13     | Bought a scroll of fog for 52 gold pieces
 39909 | D:13     | Bought a scroll of teleportation for 39 gold pieces
 39909 | D:13     | Bought a scroll of fear for 52 gold pieces
 40647 | D:15     | Entered Level 15 of the Dungeon
 40874 | D:15     | Found Iseet's Antique Armour Emporium.
 40885 | D:15     | Found a frozen archway.
 40895 | IceCv    | Entered an ice cave
 41457 | IceCv    | Found the +7 lajatang of Order {silver, rMut}
 41457 | IceCv    | Identified the Compilation of Remoulded Frost
 41927 | D:15     | Reached XP level 21. HP: 153/175 MP: 0/0
 41927 | D:15     | Learned a level 7 spell: Monstrous Menagerie
 42121 | D:15     | Found a staircase to the Depths.
 42289 | Vaults:1 | Entered Level 1 of the Vaults
 42728 | Vaults:1 | Noticed Norris
 42732 | Vaults:1 | Killed Norris
 43270 | Vaults:1 | Noticed Zenata
 43276 | Vaults:1 | Killed Zenata
 44681 | Vaults:2 | Identified the +4 ring mail "Etutaant" {Str-3 Dex+4}
 44709 | Vaults:2 | Reached ****** piety under Ashenzari
 45345 | Vaults:2 | Reached skill level 10 in Armour
 45840 | Vaults:2 | Reached XP level 22. HP: 181/187 MP: 0/0
 46578 | Vaults:3 | Noticed Jory
 46584 | Vaults:3 | Killed Jory
 46849 | Vaults:3 | Found Cibeiw's Weapon Shoppe.
 47491 | Vaults:3 | Reached skill level 10 in Shields
 47837 | Vaults:3 | Found a staircase to the Crypt.
 48550 | Vaults:4 | Noticed Margery
 48553 | Vaults:4 | Killed Margery
 50237 | Crypt:1  | Entered Level 1 of the Crypt
 50264 | Crypt:1  | Reached XP level 23. HP: 182/192 MP: 0/0
 50264 | Crypt:1  | Learned a level 7 spell: Spellforged Servitor
 51856 | Crypt:2  | Identified the +2 ring mail "Rytepn" {Dex+4}
 52541 | Crypt:3  | Entered Level 3 of the Crypt
 52888 | Crypt:3  | Reached XP level 24. HP: 193/202 MP: 0/0
 53464 | Crypt:3  | Found a staircase to the Tomb.
 53464 | Crypt:3  | Noticed Khufu
 53470 | Crypt:3  | Killed Khufu
 53718 | Crypt:3  | Identified the amulet "Fymujoaq" {Regen+ Int+3}
 53718 | Crypt:3  | Identified the ring "Lezetuc" {rN+ Int+3}
 53718 | Crypt:3  | Identified the Atlas of Anthracomancy and Hoarfrost
 53719 | Crypt:3  | Identified the +0 robe of the Armoured One {-Cast rPois
                  | rF++}
 53720 | Crypt:3  | Found the +13 scythe of Curses {drain, curses, Drain}
 54243 | Depths:1 | Entered Level 1 of the Depths
 54309 | Depths:1 | Found a white marble altar of Elyvilon.
 54451 | Depths:1 | Noticed lmSkywalker's ghost (adept DrSh)
 54453 | Depths:1 | Noticed a dread lich
 54753 | Depths:1 | Found a transporter.
 54759 | Depths:1 | Found a transporter.
 55097 | Depths:1 | Found a gateway to Hell.
 55340 | Depths:2 | Noticed Grunn
 55344 | Depths:2 | Killed Grunn
 55349 | Depths:2 | Reached skill level 10 in Evocations
 55766 | Depths:2 | Reached XP level 25. HP: 135/214 MP: 0/0
 55766 | Depths:2 | Learned a level 9 spell: Death's Door
 56009 | Depths:2 | Identified the +9 bardiche of Trog's Scorn {flame, Str+3}
 56117 | Depths:2 | Found a one-way gate leading to the halls of Pandemonium.
 56254 | Depths:2 | Identified the +5 morningstar "Naereecs" {drain, rN+ Will+}
 56254 | Depths:2 | Identified the +3 tower shield of Bishralo {Str+2}
 56396 | Depths:1 | Identified the +7 quarterstaff of the Dripping Gods {flame,
                  | Contam Dex+4}
 56422 | Depths:2 | Noticed the Enchantress
 56434 | Depths:1 | Killed the Enchantress
 57445 | Depths:3 | Noticed Sojobo
 57448 | Depths:3 | Killed Sojobo
 57742 | Depths:3 | Found a one-way gateway to a ziggurat.
 58302 | Depths:4 | Entered Level 4 of the Depths
 58971 | D:12     | You paid a toll of +3 ice dragon scales to enter a treasure
                  | trove
 58972 | Trove    | Entered a treasure trove
 59163 | Elf:1    | Entered Level 1 of the Elven Halls
 59237 | Elf:1    | Found a transporter.
 59243 | Elf:1    | Found a bloodstained altar of Trog.
 59251 | Elf:1    | Found a transporter.
 59299 | Elf:1    | Noticed dxb338's ghost (journeyman FeSh)
 59386 | Elf:1    | Paralysed by an air elemental for 1 turns
 59849 | Elf:1    | Found Ynuj's Self-Improvement Boutique.
 59857 | Elf:1    | Bought a manual of Shields for 960 gold pieces
 60009 | Elf:2    | Found Gomuyp's Book Shoppe.
 60010 | Elf:2    | Found Xenoc's Jewellery Shop.
 60010 | Elf:2    | Found Xeruim's Jewellery Shop.
 60081 | Elf:2    | Reached XP level 26. HP: 216/220 MP: 0/0
 60102 | Elf:2    | Found Honarun's Armour Shoppe.
 60365 | Elf:2    | Found a runed translucent gate.
 60369 | Elf:2    | Found a runed translucent gate.
 60369 | Elf:2    | Found a runed translucent gate.
 60493 | Elf:3    | Entered Level 3 of the Elven Halls
 60537 | Elf:2    | Paralysed by an air elemental for 1 turns
 60644 | Elf:2    | Paralysed by an air elemental for 1 turns
 61447 | Elf:3    | Reached skill level 15 in Shields
 61704 | Elf:3    | Identified the +11 spear "Goetia" {distort, rElec Str+3
                  | SInv}
 61707 | Elf:3    | Identified a scroll of acquirement
 61712 | Elf:3    | Identified the staff "Qacwe" {rPois rC+ rN+ Str-3 Dex+2
                  | Ice}
 61713 | Elf:3    | Identified the amulet "Qyrasm" {Acrobat Int+3}
 61713 | Elf:3    | Identified the staff of the Elven Halls {rC+ Will+ Ice}
 61717 | Elf:3    | Identified the +1 robe "Jodd" {rF+ Dex+3}
 61745 | Elf:3    | Acquired a manual of Fire Magic
 63401 | Depths:4 | Found a runed translucent door.
 63406 | Depths:4 | Found a runed translucent door.
 63406 | Depths:4 | Found a runed translucent door.
 63422 | Depths:4 | Found a gate to the Realm of Zot.
 63463 | Depths:4 | Found a runed translucent door.
 63465 | Depths:4 | Found a runed translucent door.
 63465 | Depths:4 | Found a runed translucent door.
 64180 | Vaults:5 | Entered Level 5 of the Vaults
 64180 | Vaults:5 | Identified the +3 flail of Pymutufi {drain, rC+}
 64285 | Vaults:5 | Identified the staff "Cyrysuy" {Drain rElec rF+ Will+ Str+5
                  | Air}
 64330 | Vaults:5 | Reached XP level 27. HP: 210/225 MP: 0/0
 64330 | Vaults:5 | Learned a level 9 spell: Shatter
 64417 | Vaults:5 | Identified the +4 ring mail of the Bellicose God {rPois rN+
                  | Int-4}
 64422 | Vaults:5 | Noticed a dread lich
 64433 | Vaults:5 | Killed a dread lich
 64904 | Vaults:5 | Got a silver rune of Zot
 65310 | Elf:1    | Bought a manual of Shields for 960 gold pieces
 65516 | Vaults:5 | Identified the +1 pair of boots "Odoced" {rElec Int+2
                  | Stlth-}
 65535 | Vaults:5 | Identified the +2 leather armour of Trumpets {Str+4}
 65640 | Vaults:5 | Found Hezxij's Assorted Antiques.
 65648 | Vaults:5 | Bought a potion of resistance for 400 gold pieces
 65648 | Vaults:5 | Bought 2 potions of haste for 800 gold pieces
 66529 | Zot:1    | Entered Level 1 of the Realm of Zot
 66532 | Zot:1    | Noticed a Killer Klown
 66533 | Zot:1    | Killed a Killer Klown
 68977 | Zot:4    | Noticed a Killer Klown
 68979 | Zot:4    | Killed a Killer Klown
 69112 | Zot:4    | Identified the +5 sling of Milascha {elec, rC- Int+5 Dex+4}
 69876 | Zot:4    | Noticed a Killer Klown
 69881 | Zot:4    | Killed a Killer Klown
 69882 | Zot:4    | Reached skill level 15 in Dodging
 70274 | Zot:5    | Entered Level 5 of the Realm of Zot
 70584 | Zot:5    | Found a huge runed gate.
 70584 | Zot:5    | Found a huge runed gate.
 70584 | Zot:5    | Found a huge runed gate.
 70584 | Zot:5    | Found a huge runed gate.
 70584 | Zot:5    | Found a huge runed gate.
 70584 | Zot:5    | Found a huge runed gate.
 70584 | Zot:5    | Found a huge runed gate.
 70584 | Zot:5    | Found a huge runed gate.
 70586 | Zot:5    | Found a huge runed gate.
 70587 | Zot:5    | Found a huge runed gate.
 70595 | Zot:5    | Found a huge runed gate.
 70595 | Zot:5    | Found a huge runed gate.
 70595 | Zot:5    | Found a huge runed gate.
 70595 | Zot:5    | Found a huge runed gate.
 70595 | Zot:5    | Found a huge runed gate.
 70606 | Zot:5    | Found a huge runed gate.
 70606 | Zot:5    | Found a huge runed gate.
 70607 | Zot:5    | Found a huge runed gate.
 70607 | Zot:5    | Found a huge runed gate.
 70611 | Zot:5    | Found a huge runed gate.
 70611 | Zot:5    | Found a huge runed gate.
 70611 | Zot:5    | Found a huge runed gate.
 70611 | Zot:5    | Found a huge runed gate.
 70612 | Zot:5    | Found a huge runed gate.
 70613 | Zot:5    | Found a huge runed gate.
 70614 | Zot:5    | Found a huge runed gate.
 70615 | Zot:5    | Found a huge runed gate.
 70616 | Zot:5    | Found a huge runed gate.
 70624 | Zot:5    | Found a huge runed gate.
 70624 | Zot:5    | Found a huge runed gate.
 70624 | Zot:5    | Found a huge runed gate.
 70624 | Zot:5    | Found a huge runed gate.
 70624 | Zot:5    | Found a huge runed gate.
 70624 | Zot:5    | Found a huge runed gate.
 70625 | Zot:5    | Found a huge runed gate.
 70626 | Zot:5    | Found a huge runed gate.
 70902 | Zot:5    | Noticed a Killer Klown
 70905 | Zot:5    | Killed a Killer Klown
 70908 | Zot:5    | Noticed a Killer Klown
 70968 | Zot:5    | Killed a Killer Klown
 70984 | Zot:5    | Noticed an ancient lich
 70987 | Zot:5    | Killed an ancient lich
 70988 | Zot:5    | Noticed a Killer Klown
 70990 | Zot:5    | Killed a Killer Klown
 71087 | Zot:5    | Noticed an orb of fire
 71098 | Zot:5    | Gained mutation: You are weak. (Str -2) [an orb of fire]
 71099 | Zot:5    | Killed an orb of fire
 71211 | Zot:5    | Noticed an orb of fire
 71218 | Zot:5    | Noticed a Killer Klown
 71219 | Zot:5    | Noticed a Killer Klown
 71223 | Zot:5    | Killed a Killer Klown
 71224 | Zot:5    | Killed a Killer Klown
 71225 | Zot:5    | Killed an orb of fire
 71356 | Zot:5    | Noticed an orb of fire
 71359 | Zot:5    | Noticed an ancient lich
 71361 | Zot:5    | Killed an ancient lich
 71365 | Zot:5    | Killed an orb of fire
 71366 | Zot:5    | Reached skill level 15 in Armour
 71401 | Zot:5    | Noticed a Killer Klown
 71407 | Zot:5    | Killed a Killer Klown
 71429 | Zot:5    | Noticed a Killer Klown
 71431 | Zot:5    | Noticed a Killer Klown
 71432 | Zot:5    | Killed a Killer Klown
 71434 | Zot:5    | Killed a Killer Klown
 71435 | Zot:5    | Noticed a Killer Klown
 71435 | Zot:5    | Noticed a Killer Klown
 71556 | Zot:5    | Noticed a Killer Klown
 71558 | Zot:5    | Killed a Killer Klown
 71569 | Zot:5    | Killed a Killer Klown
 71570 | Zot:5    | Killed a Killer Klown
 71573 | Zot:5    | Noticed a dread lich
 71576 | Zot:5    | Killed a dread lich
 71768 | Zot:5    | Got the Orb of Zot
 72128 | D:14     | Noticed Ybrezy the pandemonium lord
 72162 | D:12     | Noticed Fodghosm the pandemonium lord
 72181 | D:11     | Noticed Suasyvah the pandemonium lord
 72183 | D:11     | Killed Suasyvah the pandemonium lord
 72186 | D:11     | Noticed Atoiwupn the pandemonium lord
 72318 | D:7      | Noticed Diniotef the pandemonium lord
 72319 | D:7      | Noticed Deanep the pandemonium lord
 72547 | D:$      | Escaped with the Orb!

Illustrated notes

Levels and vault maps discovered:
D:1:      erik_arrival_cave_to_civilisation [erik_arrival_cave_to_temple],
          layout_basic, due_unseen_surprise
D:2:      layout_loops_ring
D:3:      layout_loops_corners, trog_book, serial_shops, shop,
          chequers_arboretum, uniq_terence
D:4:      layout_loops_ring, mainiacjoe_overflow_concentric_impassable,
          lemuel_temple_firewalk_b, uniq_ijyb
D:5:      layout_basic
D:6:      layout_loops_cross
D:7:      layout_basic, biasface_ghost_orc_armoury, serial_shops,
          nicolae_shop_behind_doors, nicolae_square_shop,
          nicolae_shop_i_like_big_books
D:8:      layout_basic, lemuel_doored_altar, chequers_temple_overflow_minitemple
D:9:      minmay_clustersquares, layout_basic, serial_corexii_hall,
          corexii_hall_statues_t, chequers_hall_statues_wall_a,
          corexii_hall_statues_t, corexii_hall_statues_t, gammafunk_ghost_split,
          serial_shops, shop
D:10:     layout_stronghold, erik_orc_2, minivault_7
D:11:     layout_roguey, david_lair_shrubbed, gammafunk_ghost_stat_death
D:12:     layout_roguey, enter_trove_5, uniq_urug, uniq_kirke
D:13:     layout_basic, david_vaults_1, serial_shops, nicolae_take_the_stairs
D:14:     layout_gridville
D:15:     gammafunk_enter_depths_forms, layout_rooms,
          portal_ice_cave_entry_pillars_three, serial_shops, shop
Temple:   hellmonk_temple_divided_pantheon
Lair:1:   layout_gridlike, minmay_holes
Lair:2:   layout_chaotic_city, serial_bayou_shore_b, lemuel_fruit_tree,
          grunt_megastairs_4, serial_bayou_shore_b, infiniplex_staircase_pool,
          uniq_amaemon, uniq_sonja
Lair:3:   layout_cave_pods, minmay_shoals_entry_hut, dummy_spider_entry,
          grunt_megastairs_3
Lair:4:   layout_gridlike, lemuel_centaur_altar, serial_bayou_shore_b
Lair:5:   hellmonk_lair_end_abyssal_woods, layout_long_grid,
          nicolae_slime_entry_slimehenge, gammafunk_lair_bear_cave
Shoals:1: layout_shoals, serial_shops, nicolae_shop_rolling_square,
          argonaut_gorgonesque, uniq_josephine
Shoals:2: layout_shoals, uniq_polyphemus
Shoals:3: layout_shoals, ebering_ghost_xom, uniq_ilsuiw
Shoals:4: shoals_end_hellmonk_holy_island
Spider:1: layout_chambers
Spider:2: layout_spider_delve
Spider:3: layout_spider_delve
Spider:4: spider_rune_water, uniq_donald
Orc:1:    layout_caves, basic_altar, uniq_erolcha
Orc:2:    st_orc_mages, layout_caves, basic_altar, nicolae_orc_tapped_out,
          uniq_azrael, uniq_snorg
Elf:1:    elf_arrival_002, layout_loops_cross,
          gammafunk_ghost_wrathful_warriors, minivault_28, minivault_14,
          st_stairs_14, hangedman_elf_targeted_burst, roderic_roman_lattice,
          nicolae_shop_self_help
Elf:2:    nicolae_elf_blades_crystal_corner, layout_gridlike, serial_shops,
          nicolae_shop_hallway_plus, drop_trap, minmay_shop_grove
Elf:3:    elf_hall, layout_geoelf_castle, minmay_misc_feat_pillars,
          grunt_megastairs_5
Vaults:1: nicolae_vaults_storage_closets_3, hangedman_vaults_slither,
          nicolae_vaults_yaktaur_gun_rack, nicolae_vaults_loss_of_containment,
          hangedman_vaults_restitches, nicolae_vaults_shrinking_rooms_2,
          v_misc_16, grunt_vaults_funnel, ontoclasm_vaults_fault,
          vaults_room_ringed_pool, layout_vaults_maze_snakey, uniq_zenata,
          uniq_norris
Vaults:2: hangedman_vaults_slice, v_misc_8, v_pattern_4,
          nicolae_vaults_closet_pinwheel_6, ontoclasm_vaults_loading_screen,
          grunt_vaults_trifunnel, nicolae_vaults_lightning_bolt,
          nicolae_vaults_diamond_1, nicolae_vaults_windows_and_doors_thing,
          vaults_room_corners, v_alt_pattern_3, vaults_room_grid,
          vaults_room_pools, nicolae_vaults_double_plus_1,
          layout_vaults_omnicross
Vaults:3: vaults_room_hallway, nicolae_vaults_twisting_passages,
          minmay_crypt_entry_vampire_xt, nicolae_vaults_more_shelving_1,
          vaults_standard_mumra_x, v_misc_26, grunt_vaults_diagonal,
          nicolae_vaults_circle_grid_a, vaults_room_large_hall,
          hangedman_vaults_trim, nicolae_vaults_taking_the_gang_shopping,
          layout_vaults_ring, uniq_jory
Vaults:4: v_alt_pattern_1, hangedman_vaults_impose,
          nicolae_vaults_hexular_roomagon, hangedman_vaults_capsules,
          hangedman_vaults_stream, vaults_room_fours,
          nicolae_vaults_trapezoid_layered,
          nicolae_vaults_shipping_containers_4, nicolae_vaults_house_2,
          v_misc_5, nicolae_vaults_wine_cellar,
          nicolae_vaults_storage_closets_1, nicolae_vaults_house_2,
          layout_vaults_chaotic_city, uniq_margery
Vaults:5
Crypt:1:  layout_gridlike, grunt_crypt_arrival_split, grunt_megastairs_2
Crypt:2:  minmay_skeleton_keep, layout_gridlike, nicolae_crypt_niches,
          lemuel_elevator
Crypt:3:  grunt_crypt_end_deaths_head, uniq_josephina
Depths:1: layout_honeycomb, lightli_too_deep, gammafunk_ghost_abyssal_escape,
          amcnicky_mini_rare_corridor_liquid,
          eino_small_chamber_without_monster, elyvilon_altar_5, firewood_loft,
          serial_bayou_shore_b
Depths:2: minmay_the_grid_four_pointed_star_mashed
          [minmay_the_grid_triangle_9x9_swiss_cheese,
          minmay_the_grid_triangle_9x9_wacky_v,
          minmay_the_grid_triangle_9x9_checkered,
          minmay_the_grid_triangle_9x9_cache,
          minmay_the_grid_prize_four_corners_diamond_b], layout_long_grid,
          kennysheep_another_room, grunt_pan_entry_sceptre, hell_entry,
          chequers_serial_rivers_marsh, uniq_enchantress, uniq_grunn
Depths:3: hangedman_elemental_death_ray, layout_basic, enter_ziggurat_f,
          abyss_entry_crystal, serial_bayou_pond_e, hell_entry,
          minmay_protected_statue, infiniplex_staircase_pillars_2,
          serial_bayou_shore_b, uniq_sojobo
Depths:4: evilmike_zot_entry_castle, layout_gridlike, nrook_pool_corridor,
          pf_vacation_house_of_asmodeus, grunt_pan_entry_spiral
Zot:1:    cheibrodos_zot_enchanting_chambers, layout_twisted_circle
Zot:2:    layout_misc_corridors, lemuel_elevator
Zot:3:    kennysheep_room_grid, layout_gridlike
Zot:4:    hellmonk_paralyzer, layout_gridlike
Zot:5:    layout_misc_corridors, door_vault

Skill      XL: |  1  2  3  4  5  6  7  8  9 10 11 12 13 14 15 16 17 18 19 20 21 22 23 24 25 26 27 |
---------------+----------------------------------------------------------------------------------+-----
Spellcasting   | 4 5 6 7 8 9 10 11 12 13 15 16 17 18 20 21 | 21.8
Conjurations   | 4 5 6 7 8 9 10 11 12 13 15 16 17 18 20 21 | 21.8
Hexes          | 4 5 6 7 8 9 10 11 12 13 15 16 17 18 20 21 | 21.8
Summonings     | 4 5 6 7 8 9 10 11 12 13 15 16 17 18 20 21 | 21.8
Necromancy     | 4 5 6 7 8 9 10 11 12 13 15 16 17 18 20 21 | 21.8
Translocations | 4 5 6 7 8 9 10 11 12 13 15 16 17 18 20 21 | 21.8
Transmutations | 4 5 6 7 8 9 10 11 12 13 15 16 17 18 20 21 | 21.8
Fire Magic     | 4 5 6 7 8 9 10 11 12 13 15 16 17 18 20 23 | 23.1
Ice Magic      | 4 5 6 7 8 9 10 11 12 13 15 16 17 18 20 21 | 21.8
Air Magic      | 4 5 6 7 8 9 10 11 12 13 15 16 17 18 20 21 | 21.8
Earth Magic    | 4 5 6 7 8 9 10 11 12 13 15 16 17 18 20 21 | 21.8
Poison Magic   | 4 5 6 7 8 9 10 11 12 13 15 16 17 18 20 21 | 21.8
Fighting       | 2 4 6 7 9 11 13 14 15 17 18 19 21 23 24 | 24.3
Dodging        | 4 6 9 10 12 15 | 15.6
Evocations     | 6 9 11 14 | 14.3
Armour         | 3 5 8 10 11 18 | 18.1
Staves         | 5 8 |  8.0
Shields        | 9 11 19 24 | 24.3
Stealth        | |  1.5

Action                     |  1- 3 |  4- 6 |  7- 9 | 10-12 | 13-15 | 16-18 | 19-21 | 22-24 | 25-27 || total
---------------------------+-------+-------+-------+-------+-------+-------+-------+-------+-------++-------
  Melee: Long sword        |       |     6 |       |       |       |       |     3 |    12 |    12 ||    33
         Staff             |       |       |     4 |     1 |    26 |    13 |     1 |       |       ||    45
   Cast: Necrotise         |    68 |    59 |    29 |    20 |     2 |       |       |       |       ||   178
         Vampiric Draining |       |    19 |   128 |   286 |   213 |     7 |    13 |     9 |       ||   675
         Searing Ray       |       |       |     9 |    23 |    11 |       |       |       |       ||    43
         Animate Dead      |       |       |     4 |     9 |    11 |       |       |       |       ||    24
         Agony             |       |       |       |    24 |    11 |     1 |       |       |       ||    36
         Call Imp          |       |       |       |     7 |     1 |       |     1 |       |       ||     9
         Iskenderun's Myst |       |       |       |     2 |     8 |       |       |       |       ||    10
         Dazzling Flash    |       |       |       |     3 |     1 |       |       |       |     1 ||     5
         Borgnjor's Vile C |       |       |       |       |   168 |    35 |    38 |     8 |    20 ||   269
         Starburst         |       |       |       |       |   105 |    53 |    43 |    16 |     9 ||   226
         Summon Hydra      |       |       |       |       |       |    84 |    55 |    31 |    90 ||   260
         Plasma Beam       |       |       |       |       |       |       |   495 |   389 |   359 ||  1243
         Monstrous Menager |       |       |       |       |       |       |     7 |    12 |     7 ||    26
         Spellforged Servi |       |       |       |       |       |       |       |    40 |    29 ||    69
         Shatter           |       |       |       |       |       |       |       |       |   441 ||   441
         Death's Door      |       |       |       |       |       |       |       |       |     1 ||     1
 Invoke: Curse Item        |       |       |     2 |     4 |     4 |     1 |     4 |     1 |     3 ||    19
         Shatter the Chain |       |       |       |     1 |     2 |     1 |     2 |     1 |     3 ||    10
  Evoke: Wand              |       |       |       |       |     2 |       |     7 |       |    23 ||    32
         Box of beasts     |       |       |       |       |       |       |       |       |     2 ||     2
         Condenser vane    |       |       |       |       |       |       |       |       |     1 ||     1
    Use: Scroll            |     3 |     3 |     3 |     2 |     1 |       |     6 |       |    13 ||    31
         Potion            |       |       |       |       |       |     2 |       |       |     7 ||     9
   Stab: Sleeping          |       |       |     2 |       |       |       |       |       |       ||     2
         Invisible         |       |       |       |       |     1 |       |       |       |       ||     1
         Distracted        |       |       |       |       |       |       |       |     1 |       ||     1
 Armour: Robe              |     2 |     5 |    20 |    15 |       |       |       |       |       ||    42
         Acid dragon scale |       |       |       |    91 |   134 |    24 |    55 |    88 |   121 ||   513
  Dodge: Dodged            |     7 |     7 |    66 |   276 |   314 |    69 |    66 |    77 |   138 ||  1020
  Block: Other             |       |       |       |       |    46 |    16 |    16 |       |       ||    78
         Reflection        |       |       |       |       |     5 |     4 |    16 |    13 |       ||    38
         Kite shield       |       |       |       |       |       |       |    57 |   131 |    72 ||   260
         Tower shield      |       |       |       |       |       |       |       |       |   173 ||   173

Table legend: (Time is in decaauts)
 A = Elapsed time spent in this place.
 B = Non-inter-level travel time spent in this place.
 C = Inter-level travel time spent in this place.
 D = Time resting spent in this place.
 E = Time spent auto-exploring this place.
 F = Levels seen in this place.
 G = Mean time per level.
                   A        B        C        D        E       F      G
               +--------+--------+--------+--------+--------+-----+--------+
         Total |  73901 |  67273 |   6628 |  24882 |  29007 |  53 | 1394.4 |
       Dungeon |  20658 |  17475 |   3183 |   5120 |   9561 |  15 | 1377.2 |
        Temple |     86 |     50 |     36 |      0 |      0 |   1 |   86.0 |
          Lair |   6851 |   6398 |    453 |   1794 |   3291 |   5 | 1370.2 |
        Shoals |   6806 |   6691 |    115 |   3583 |   2163 |   4 | 1701.5 |
   Spider Nest |   6958 |   6813 |    145 |   3846 |   2090 |   4 | 1739.5 |
  Orcish Mines |   3103 |   2893 |    210 |   1533 |    988 |   2 | 1551.5 |
   Elven Halls |   2826 |   2592 |    234 |    281 |   1005 |   3 |  942.0 |
        Vaults |   9900 |   9307 |    593 |   4304 |   3454 |   5 | 1980.0 |
         Crypt |   3825 |   3663 |    162 |   1012 |   1333 |   3 | 1275.0 |
        Depths |   6998 |   5807 |   1191 |   1291 |   3149 |   4 | 1749.5 |
           Zot |   5201 |   4898 |    303 |   1671 |   1973 |   5 | 1040.2 |
         Trove |     59 |     59 |      0 |      0 |      0 |   1 |   59.0 |
      Ice Cave |    625 |    625 |      0 |    446 |      0 |   1 |  625.0 |
               +--------+--------+--------+--------+--------+-----+--------+

Top non-repeatable levels by time:
Shoals:3: 2572 daAuts
Vaults:4: 2358 daAuts
Spider:4: 2295 daAuts
     D:9: 2154 daAuts
  Lair:5: 2117 daAuts
    D:10: 2106 daAuts
Vaults:1: 2090 daAuts
Vaults:3: 2048 daAuts
    D:13: 2001 daAuts
Spider:1: 1931 daAuts
Vaults:2: 1884 daAuts
Depths:1: 1873 daAuts
Depths:3: 1828 daAuts
   Zot:4: 1828 daAuts
Depths:4: 1826 daAuts
